 Dungeon Crawl Stone Soup version 0.31-a0-1267-gfedaa18580 (webtiles) character file.

Game seed: 13742859382237285978

681 drugrobin the Cudgeller (level 7, -16/56 HPs)
             Began as a Demigod Delver on Dec 17, 2023.
             Demolished by an orc warrior
             ... wielding a +0 halberd
              (29 damage)
             ... on level 6 of the Dungeon.
             The game lasted 00:12:33 (4316 turns).

drugrobin the Cudgeller (Demigod Delver)            Turns: 4316, Time: 00:12:34

Health: -16/56     AC:  8    Str: 21    XL:     7   Next: 12%
Magic:  9/9        EV: 10    Int: 12    God:
Gold:   222        SH:  0    Dex: 15    Spells: 4/6 levels left

rFire   . . .        a - +0 flail
rCold   + . .        (no shield)
rNeg    . . .        j - +0 scale mail {rC+}
rPois   .            m - +0 helmet
rElec   .            (no cloak)
rCorr   .            F - +0 pair of gloves
SInv    .            (no boots)
Will    .....        t - amulet of regeneration
Stlth   +            (no ring)
HPRegen 1.09/turn    (no ring)
MPRegen 0.11/turn

%: no passive effects
@: hasted, very quick
A: high MP 1, forlorn, divine attributes
a: no special abilities


You were on level 6 of the Dungeon.
You visited 1 branch of the dungeon, and saw 6 of its levels.

You collected 222 gold pieces.

Inventory:

Hand Weapons
 a - a +0 flail (weapon)
 b - a +0 sling
 c - a +1 dagger of electrocution
 A - a +0 mace
Missiles
 i - 3 datura-tipped darts
 r - 9 boomerangs (quivered)
 E - 4 poisoned darts
Armour
 j - a +0 scale mail of cold resistance (worn)
 m - a +0 helmet (worn)
 n - a +0 leather armour
 v - a scarf of harm
 F - a +0 pair of gloves (worn)
Jewellery
 s - an amulet of magic regeneration
 t - an amulet of regeneration (around neck)
 u - a ring of ice
 G - a ring of ice
Wands
 g - a wand of digging (3)
Scrolls
 d - 2 scrolls of revelation
 e - a scroll of fear
 o - 7 scrolls of identify {unknown}
 p - a scroll of immolation {unknown}
 q - 2 scrolls of amnesia {unknown}
 w - 3 scrolls of fog
 y - a scroll of poison {unknown}
 B - a scroll of vulnerability {unknown}
 H - a scroll of enchant weapon {unknown}
Potions
 f - a potion of haste
 h - a potion of ambrosia {unknown}
 k - a potion of degeneration {unknown}
 l - 3 potions of brilliance {unknown}
 x - 4 potions of curing {unknown}
 z - a potion of might {unknown}
 C - 2 potions of enlightenment {unknown}
 D - a potion of invisibility {unknown}


   Skills:
 - Level 2.6 Fighting
 + Level 7.6 Maces & Flails
 - Level 1.7 Dodging
 - Level 4.5 Stealth


You had 4 spell levels left.
You knew the following spells:

 Your Spells              Type           Power      Damage    Failure   Level
a - Blink                 Tloc           0%         N/A       82%         2

Your spell library contained the following spells:

 Spells                   Type           Power      Damage    Failure   Level
 Kiss of Death            Conj/Necr      0%         2d5       67%         1
 Cigotuvi's Dreadful Rot  Necr/Pois/Air  0%         N/A       82%         2
 Confusing Touch          Hex            0%         N/A       96%         3
 Hailstorm                Conj/Ice       0%         3d5       96%         3
 Tukima's Dance           Hex            0%         N/A       96%         3
 Dispel Undead            Necr           0%         3d6       100%        4
 Manifold Assault         Tloc           0%         N/A       100%        4
 Passage of Golubria      Tloc           0%         N/A       100%        4
 Summon Ice Beast         Ice/Summ       0%         N/A       100%        4
 Yara's Violent Unravell  Hex/Tmut       0%         3d3       100%        5
 Death Channel            Necr           0%         N/A       100%        6
 Simulacrum               Ice/Necr       0%         N/A       100%        6


Dungeon Overview and Level Annotations

Branches:
Dungeon (6/15)
 Temple: D:4-7

Shops:
D:2 ?

Annotations:
D:4 3 runed translucent doors, kd29's ghost, amateur OgSh


Innate Abilities, Weirdness & Mutations

You have an increased reservoir of magic. (+10% MP)
You shall have no god before yourself.
Your divine heritage dramatically boosts your attributes as you level up.


Message History

The orc warrior flies into a frenzy!
Unknown command.
Unknown command.
The orc warrior shouts!
Things that are here:
a +0 trident; a +0 leather armour The orc warrior shouts!
The orc warrior shouts!
Okay, then.
The orc warrior shouts!
Unknown command.
Okay, then.
Unknown command.
You closely miss the orc warrior.
The orc warrior unwields a +0 arbalest.
The orc warrior wields a +0 halberd.
The orc warrior hits you with a +0 halberd!
Unknown command.
Unknown command.
Unknown command.
You barely miss the orc warrior.
The orc warrior hits you with a +0 halberd!
The orc warrior hits you with a +0 halberd!!
* * * LOW HITPOINT WARNING * * *
Unknown command.
Unknown command.
Okay, then.
Unknown command.
Okay, then.
Unknown command.
Okay, then.
You feel yourself speed up. The orc warrior misses you.
Unknown command.
Unknown command.
The orc warrior closely misses you.
The orc warrior attacks as it pursues you!
The orc warrior misses you.
The orc warrior attacks as it pursues you!
The orc warrior hits you from afar with a +0 halberd!!
Ouch! That really hurt!
You die...

...^.#......##...<..#.
#.....##.###....#.#.
####
#####.##.##<........
((.##
+...#.##.#>.#..#.
##..##
###..#.##.#.......
#..#.##
#..###..........#.
##..#.##
###..#####.##.#..#.
...).#.##
#..#######.##.#..#.
#..#..#.## ###@.#
#............
.##.#..#.## #..###
#...#.###.... .
##.#..#)#####o.#
#....## #.### #
##.#..#.##..### ######
##.# # ##.#..#.##..#
#..# # ##.#..#..###
#.## ##.#.....# #.#
##.#..### #.# ##.#..
#.# #


You could see a neutral orc warrior (fast, strong, frenzied).

Vanquished Creatures
  A kobold brigand (D:5)
  A gnoll sergeant (D:4)
  2 hounds (D:3)
  2 jellies
  An iguana (D:3)
  A sleepcap (D:6)
  An orc wizard (D:3)
  Natasha (thrice) (D:3)
  Robin (D:3)
  5 gnolls
  6 adders
  6 ufetubi
  2 worms (D:2)
  4 dart slugs
  14 orcs
  9 bats
  7 endoplasms
  6 giant cockroaches
  14 goblins
  11 hobgoblins
  4 jackals (D:2)
  4 quokkas
  9 ball pythons
  A frilled lizard (D:2)
  9 kobolds
  A rat (D:1)
125 creatures vanquished.

Notes
Turn   | Place    | Note
-------+----------+-------------------------------------------
     0 | D:5      | drugrobin the Demigod Delver began the quest for the Orb.
     0 | D:5      | Reached XP level 1. HP: 18/18 MP: 3/3
    36 | D:4      | Reached skill level 2 in Maces & Flails
   115 | D:4      | Noticed a hound
   246 | D:3      | Reached XP level 2. HP: 15/25 MP: 4/4
   329 | D:3      | Noticed Natasha
   389 | D:3      | Noticed Robin
   587 | D:3      | Reached skill level 3 in Maces & Flails
   653 | D:3      | Killed Robin
   654 | D:3      | Reached XP level 3. HP: 29/30 MP: 5/5
   668 | D:2      | Found Daukhiokk's Magic Scroll Shoppe.
   777 | D:2      | Reached skill level 4 in Maces & Flails
  1051 | D:1      | Reached XP level 4. HP: 37/37 MP: 6/6
  2238 | D:3      | Killed Natasha
  2239 | D:3      | Reached skill level 5 in Maces & Flails
  2239 | D:3      | Reached XP level 5. HP: 42/42 MP: 7/7
  2565 | D:4      | Noticed an ogre
  2566 | D:4      | Noticed kd29's ghost (amateur OgSh)
  2624 | D:3      | Reached skill level 6 in Maces & Flails
  2761 | D:4      | Found a runed translucent gate.
  2761 | D:4      | Found a runed translucent gate.
  2761 | D:4      | Found a runed translucent gate.
  3018 | D:3      | Reached XP level 6. HP: 49/50 MP: 8/8
  3250 | D:3      | Noticed Natasha
  3266 | D:3      | Killed Natasha
  3394 | D:3      | Noticed Natasha
  3408 | D:3      | Killed Natasha
  3579 | D:5      | Reached skill level 7 in Maces & Flails
  3635 | D:5      | Reached XP level 7. HP: 54/56 MP: 9/9
  4172 | D:6      | Learned a level 2 spell: Blink
  4316 | D:6      | Demolished by an orc warrior

Illustrated notes

Levels and vault maps discovered:
D:1:      dpeg_arrival_short_road, layout_loops_ring, minmay_small_reverse_x
D:2:      layout_basic, serial_shops, nicolae_shop_tiny_statue_garden,
          mrwooster_statue_mirror, minmay_misc_feat_doors
D:3:      layout_rooms, chequers_serial_rivers_micro_c, uniq_robin, uniq_natasha
D:4:      layout_cave_pools, old_standard_altar, gammafunk_ghost_split,
          minmay_unequal
D:5:      layout_loops_ring, bloody_makhleb, st_stairs_11,
          hangedman_decor_growths, kennysheep_decorative_pillar
D:6:      minmay_razor_zed, layout_loops_cross, trog_book,
          fedhas_altar_decomposition

Skill      XL: |  1  2  3  4  5  6 |
---------------+-------------------+-----
Maces & Flails | 2 3 4 5 6 7 |  7.6
Fighting       | |  2.6
Dodging        | |  1.7
Stealth        | |  4.5

Action                     |  1- 3 |  4- 6 |  7- 9 || total
---------------------------+-------+-------+-------++-------
  Melee: Mace              |   124 |   138 |       ||   262
         Dagger            |       |    62 |       ||    62
         Punch             |       |     3 |       ||     3
         Flail             |       |    91 |    53 ||   144
   Fire: Sling             |    14 |    38 |       ||    52
  Throw: Boomerang         |       |    12 |     4 ||    16
         Dart              |       |       |     2 ||     2
    Use: Potion            |       |       |     1 ||     1
   Stab: Sleeping          |     2 |     2 |     1 ||     5
         Distracted        |     1 |       |       ||     1
 Armour: Leather armour    |    57 |       |       ||    57
         Scale mail        |    30 |   222 |    65 ||   317
  Dodge: Dodged            |    75 |   188 |    47 ||   310

Table legend: (Time is in decaauts)
 A = Elapsed time spent in this place.
 B = Non-inter-level travel time spent in this place.
 C = Inter-level travel time spent in this place.
 D = Time resting spent in this place.
 E = Time spent auto-exploring this place.
 F = Levels seen in this place.
 G = Mean time per level.
                   A        B        C        D        E       F      G
               +--------+--------+--------+--------+--------+-----+--------+
         Total |   4408 |   4099 |    309 |    263 |   2197 |   6 |  734.7 |
       Dungeon |   4408 |   4099 |    309 |    263 |   2197 |   6 |  734.7 |
               +--------+--------+--------+--------+--------+-----+--------+

Top non-repeatable levels by time:
     D:3: 1122 daAuts
     D:2: 841 daAuts
     D:4: 738 daAuts
     D:1: 734 daAuts
     D:5: 723 daAuts
     D:6: 247 daAuts
